 Dungeon Crawl Stone Soup version 0.26-a0-362-g1d9a9cd4fa (webtiles) character file.

Game seed: 6052970804831198281

249 MrRokkomies the Bolt Thrower (level 6, 0/34 HPs)
             Began as a Kobold Arcane Marksman on July 18, 2020.
             Slain by a bullfrog skeleton (4 damage)
             ... on level 4 of the Dungeon.
             The game lasted 00:10:33 (5436 turns).

MrRokkomies the Bolt Thrower (KoAM)                 Turns: 5436, Time: 00:10:34

Health: 0/34       AC:  7    Str:  9    XL:     6   Next: 35%
Magic:  7/7        EV: 14    Int: 15    God:
Gold:   134        SH:  0    Dex: 15    Spells: 4/7 levels left

rFire    + . .     SeeInvis .   b - +0 short sword
rCold    . . .     Faith    .   (shield restricted)
rNeg     + . .     Spirit   .   n - +0 ring mail {rF+}
rPois    .         Reflect  .   o - +1 helmet
rElec    .         Harm     .   (no cloak)
rCorr    .                      (no gloves)
MR       .....                  (no boots)
Stlth    ++........             (no amulet)
HPRegen  0.11/turn              j - ring of positive energy
MPRegen  0.10/turn              (no ring)

@: no status effects
A: small
a: no special abilities


You were on level 4 of the Dungeon.
You visited 1 branch of the dungeon, and saw 4 of its levels.
You also visited: Sewer.

You collected 134 gold pieces.

Inventory:

Hand Weapons
 a - a +1 hand crossbow
 b - a +0 short sword (weapon)
Missiles
 d - 24 bolts
 t - a throwing net (quivered)
Armour
 e - a +0 robe
 n - a +0 ring mail of fire resistance (worn)
 o - a +1 helmet (worn)
Jewellery
 h - an uncursed amulet of magic regeneration {unknown}
 j - a ring of positive energy (left hand)
Scrolls
 c - 4 scrolls of fear
 l - 2 scrolls of amnesia
 p - 4 scrolls of teleportation
Potions
 f - 2 potions of mutation
 g - a potion of resistance
 i - a potion of invisibility
 k - a potion of haste {unknown}
 m - a potion of berserk rage
 q - 3 potions of curing {unknown}
 r - 2 potions of ambrosia {unknown}
 s - 2 potions of stabbing {unknown}
 u - a potion of might {unknown}
 v - a potion of heal wounds {unknown}


   Skills:
 - Level 1.1 Fighting
 * Level 4.7 Crossbows
 + Level 3.6 Dodging
 + Level 3.2 Stealth
 - Level 1.1 Spellcasting
 * Level 4.5 Hexes


You had 4 spell levels left.
You knew the following spells:

 Your Spells              Type           Power        Failure   Level
a - Corona                Hex            ##.....      11%         1
b - Slow                  Hex            ##......     16%         2

Your spell library contained the following spells:

 Spells                   Type           Power        Failure   Level
 Inner Flame              Hex/Fire       #.......     63%         3
 Portal Projectile        Hex/Tloc       #.....       63%         3
 Cause Fear               Hex            ##........   71%         4
 Leda's Liquefaction      Hex/Erth       #.........   95%         4


Dungeon Overview and Level Annotations

Branches:
Dungeon (4/15)              Sewer (visited)
 Temple: D:4-7

Altars:
Ashenzari
Ru
Uskayaw

Annotations:
D:3 3 runed translucent doors, BritishOli's ghost, amateur DsFi; P0WERM0DE's ghost, weakling PaCK


Message History

The bullfrog skeleton closely misses you.
You hit the bullfrog skeleton.
The bullfrog skeleton is heavily damaged.
The bullfrog skeleton hits you.
You hit the bullfrog skeleton.
The bullfrog skeleton is heavily damaged.
The bullfrog skeleton hits you but does no damage.
The bullfrog skeleton hits you.
* * * LOW HITPOINT WARNING * * *
You hit the bullfrog skeleton.
The bullfrog skeleton is severely damaged.
The bullfrog skeleton hits you.
* * * LOW HITPOINT WARNING * * *
You hit the bullfrog skeleton.
The bullfrog skeleton is severely damaged.
The bullfrog skeleton closely misses you.
You hit the bullfrog skeleton.
The bullfrog skeleton is severely damaged.
The bullfrog skeleton hits you.
You die...

...#........#...# .
#...........#..##.###
#....####...#..##.#.##
##. #............##
#####..#........# .
##...............####
#.....##≈≈.≈≈##..#.....#
##....##≈Z.≈≈##..#.#...#
#.....≈≈@..≈≈≈≈.÷..##..#
#.....≈≈≈....≈≈..#..#..##
..#...≈......≈≈.###......
. #...≈≈.....≈≈.# #......
.....≈≈.....≈≈.###....†.
.....##≈≈≈≈≈##.#........
.##.. #≈≈≈≈≈##.#........
#.. ..................
....#..###.........


You could see a bullfrog skeleton.

Vanquished Creatures
  A hound (D:4)
  Terence (D:2)
  A worker ant (D:4)
  Robin (D:2)
  2 adders
  3 river rats (Sewer)
  4 worms
  2 dart slugs
  5 orcs (D:3)
  4 ball pythons
  11 bats
  4 giant cockroaches
  10 goblins
  10 hobgoblins
  4 jackals (D:3)
  5 kobolds
  16 frilled lizards
  22 rats
106 creatures vanquished.

Notes
Turn   | Place    | Note
-------+----------+-------------------------------------------
     0 | D:1      | MrRokkomies the Kobold Arcane Marksman began the quest for
                  | the Orb.
     0 | D:1      | Reached XP level 1. HP: 12/12 MP: 2/2
   276 | D:1      | Reached XP level 2. HP: 12/16 MP: 3/3
   563 | D:1      | Reached skill level 1 in Stealth
  1017 | D:2      | Reached XP level 3. HP: 13/20 MP: 4/4
  1350 | D:2      | Learned a level 2 spell: Slow
  2284 | D:2      | Noticed Robin
  2297 | D:2      | Killed Robin
  2297 | D:2      | Reached XP level 4. HP: 16/25 MP: 5/5
  2751 | D:2      | Noticed Terence
  2780 | D:2      | Killed Terence
  2846 | D:2      | Reached XP level 5. HP: 27/29 MP: 6/6
  2911 | D:3      | Found a shattered altar of Ashenzari.
  3191 | D:3      | Found a hide-covered altar of Uskayaw.
  3383 | D:3      | Found a sacrificial altar of Ru.
  4121 | D:3      | Found a runed translucent gate.
  4122 | D:3      | Found a runed translucent gate.
  4122 | D:3      | Found a runed translucent gate.
  4122 | D:3      | Noticed BritishOli's ghost (amateur DsFi)
  4122 | D:3      | Noticed P0WERM0DE's ghost (weakling PaCK)
  4311 | D:4      | Found a glowing drain.
  4507 | Sewer    | Entered a sewer
  4654 | Sewer    | Reached XP level 6. HP: 24/34 MP: 7/7
  5436 | D:4      | Slain by a bullfrog skeleton

Illustrated notes

Levels and vault maps discovered:
D:1:      dpeg_arrival_signposts, layout_loops_ring
D:2:      layout_loops_ring, uniq_terence, uniq_robin
D:3:      layout_basic, nicolae_ashenzari_panopticon,
          eat_drink_and_be_merry_uskayaw, hangedman_ru_absence,
          gammafunk_ghost_cemetery, minmay_tree_intersection
D:4:      layout_cave_pools, cheibrodos_sewer_entry_sluice,
          minmay_misc_feat_five, minmay_misc_feat_encased,
          kennysheep_windowed_goal

Skill      XL: |  1  2  3  4  5  6 |
---------------+-------------------+-----
Stealth        | 1 2 3 |  3.2
Crossbows      | 3 4 |  4.7
Dodging        | 3 |  3.6
Hexes          | 4 |  4.5
Fighting       | |  1.1
Spellcasting   | |  1.1

Action                   |  1- 3 |  4- 6 || total
-------------------------+-------+-------++-------
Melee: Short sword       |    83 |   239 ||   322
 Fire: Hand crossbow     |    54 |    69 ||   123
 Cast: Slow              |       |     1 ||     1
  Use: Scroll            |     5 |     6 ||    11
 Stab: Sleeping          |     2 |     5 ||     7
       Distracted        |       |     1 ||     1
Armor: Robe              |    26 |       ||    26
       Ring mail         |     4 |    89 ||    93
Dodge: Dodged            |   101 |   258 ||   359

Table legend:
 A = Non-vault XP
 B = Vault XP
 C = Vault XP percentage of total XP
 D = Non-vault monster count
 E = Vault monster count
 F = Vault count percentage of total count
                 A         B        C        D         E       F
            +---------+---------+-------+---------+---------+-------
      Total |     227 |     130 |  36.4 |      70 |      36 |  34.0
            +---------+---------+-------+---------+---------+-------
        D:1 |      25 |       0 |   0.0 |      14 |       0 |   0.0
        D:2 |      53 |      62 |  53.9 |      24 |       9 |  27.3
        D:3 |      73 |       0 |   0.0 |      30 |       0 |   0.0
        D:4 |      76 |       9 |  10.6 |       2 |       4 |  66.7
      Sewer |       0 |      59 | 100.0 |       0 |      23 | 100.0
            +---------+---------+-------+---------+---------+-------
